Map: King Sejong Station LE

Players

VBPreina

  • Race: Zerg Zerg
  • League: Diamond

Energii - Winner!

  • Race: Terran Terran
  • League: Diamond

VOD

Have the link to the VOD?

Description

Time

  • Played on: Oct. 13, 2016, 2:26 p.m.
  • Length: 9:47
Show
View Real Time Build Order
Export as new Build Order

VBPreina Zerg 

Build Orders: Hatch First 

Get SALT Encoding   

  12  0:03  Drone  
  13  0:12  Overlord  
  13  0:17  Drone  
  14  0:30  Drone x2  
  16  0:36  Drone  
  17  0:53  Hatchery  
  17  0:55  Drone  
  17  0:58  Drone  
  18  1:09  Extractor  
  17  1:14  Spawning Pool  
  17  1:16  Drone  
  17  1:19  Drone  
  18  1:30  Drone  
  19  1:40  Overlord  
  19  1:52  Drone  
  20  2:00  Queen  
  22  2:03  Zergling x2  
  22  2:04  Queen  
  25  2:09  Metabolic Boost  
  25  2:14  Drone  
  25  2:15  Drone  
  27  2:17  Zergling x2  
  28  2:25  Drone  
  29  2:31  Overlord  
  29  2:40  Queen  
  31  2:45  Drone  
  32  3:02  Hatchery  
  30  3:05  Drone x2  
  30  3:07  Overlord  
  30  3:09  Drone  
  30  3:10  Drone  
  34  3:14  Drone  
  34  3:15  Drone  
  36  3:25  Drone x2  
  36  3:26  Drone  
  39  3:34  Drone  
  39  3:35  Drone  
  39  3:36  Drone x2  
  39  3:39  Lair  
  43  3:41  Drone  
  43  3:43  Extractor  
  43  3:44  Extractor  
  42  3:48  Overlord  
  42  4:01  Drone  
  42  4:02  Drone x3  
  46  4:08  Drone x2  
  48  4:11  Zergling x2  
  49  4:17  Zergling x2  
  49  4:18  Zergling x10  
  49  4:22  Baneling Nest  
  54  4:27  Drone  
  54  4:28  Queen  
  54  4:30  Queen  
  59  4:36  Overlord x2  
  59  4:41  Drone x3  
  59  4:42  Drone, Extractor  
  59  4:44  Queen  
  64  4:47  Drone  
  64  4:49  Overlord  
  64  4:50  Overlord  
  65  4:58  Overlord x2  
  65  5:03  Zergling x6  
  65  5:06  Centrifical Hooks  
  68  5:10  Drone  
  68  5:11  Drone  
  70  5:16  Overseer  
  70  5:22  Drone  
  70  5:23  Drone x5  
  55  5:51  Zergling x2  
  55  5:52  Zergling x22  
  55  5:55  Baneling  
  55  5:56  Baneling x2  
  65  6:06  Drone  
  66  6:20  Drone x4  
  66  6:21  Evolution Chamber, Infestation Pit, Hatchery  
  66  6:22  Evolution Chamber  
  66  6:35  Baneling  
  66  6:36  Baneling x3  
  63  6:50  Zerg Melee Weapons Level 1  
  63  6:51  Zerg Ground Armor Level 1  
  63  6:52  Zergling x18  
  63  6:53  Zergling x2  
  73  6:55  Drone  
  73  6:58  Baneling x3  
  73  6:59  Baneling x2, Hatchery  
  73  7:00  Overseer  
  73  7:11  Drone  
  73  7:12  Drone x3  
  53  7:31  Zergling x12  
  53  7:35  Drone x3  
  53  7:36  Queen  
  64  7:42  Zergling x2  
  64  7:43  Zergling x4  
  61  7:46  Queen  
  60  8:03  Hive  
  60  8:06  Drone  
  60  8:07  Drone x6  
  60  8:12  Queen  
  69  8:15  Drone  
  69  8:16  Drone x3  
  70  8:33  Drone, Zergling x2  
  74  8:34  Zergling x10  
  74  8:39  Baneling  
  74  8:40  Baneling x7  
  77  8:47  Hatchery  
  76  8:58  Drone x4  
  76  8:59  Drone x2  
  76  9:01  Drone  
  82  9:14  Zergling x2  
  82  9:15  Zergling x16  
Show
View Real Time Build Order
Export as new Build Order

Energii Terran - Winner!

Build Orders: Reaper Expand, MMM Bio 

Get SALT Encoding   

  12  0:00  SCV  
  13  0:12  SCV  
  14  0:17  Supply Depot  
  14  0:25  SCV  
  15  0:38  SCV  
  15  0:39  Barracks  
  16  0:44  Refinery  
  16  0:50  SCV  
  17  1:03  SCV  
  18  1:15  SCV  
  19  1:27  Reaper, Orbital Command  
  20  1:42  Command Center  
  20  1:54  Barracks  
  20  1:55  SCV  
  20  2:00  Barracks Reactor  
  21  2:13  Supply Depot  
  21  2:15  Refinery  
  21  2:16  SCV  
  22  2:28  SCV  
  23  2:40  SCV  
  24  2:45  Barracks Tech Lab  
  24  2:46  Factory  
  24  2:47  Marine x2  
  26  3:04  SCV, Marine, Orbital Command  
  26  3:05  Marine  
  29  3:08  Stimpack  
  29  3:11  Marine  
  30  3:16  SCV  
  31  3:22  Marine  
  31  3:23  Marine  
  33  3:28  SCV  
  33  3:33  Marine, SCV  
  36  3:36  Factory Reactor  
  36  3:38  Starport  
  36  3:40  SCV  
  37  3:42  Marine, Supply Depot  
  37  3:44  Marine  
  37  3:45  SCV  
  40  3:52  SCV  
  40  3:54  Marine  
  42  3:57  SCV  
  42  4:02  Supply Depot  
  43  4:04  Marine x2, SCV  
  43  4:06  Supply Depot  
  46  4:12  Marine  
  47  4:21  Marine  
  47  4:22  Engineering Bay  
  47  4:23  Medivac x2  
  52  4:24  SCV  
  52  4:25  SCV, Widow Mine  
  52  4:28  Refinery  
  52  4:29  Marine  
  57  4:32  Marine  
  58  4:40  Marine, SCV  
  58  4:41  SCV  
  61  4:51  Marine x2, Supply Depot  
  61  4:52  SCV  
  64  4:53  SCV  
  65  5:01  Marine  
  65  5:03  Command Center  
  65  5:04  SCV, Widow Mine  
  65  5:05  SCV  
  70  5:13  Marine x2  
  72  5:15  Terran Infantry Weapons Level 1  
  72  5:16  SCV  
  72  5:17  Combat Shields  
  73  5:22  Marine  
  73  5:23  SCV  
  75  5:31  Marine x2  
  77  5:40  Marine  
  78  5:53  Supply Depot  
  78  5:55  Supply Depot, Refinery  
  78  6:05  Engineering Bay  
  78  6:06  Supply Depot  
  78  6:09  Supply Depot  
  78  6:13  Factory Reactor  
  78  6:14  Marine x3  
  78  6:15  SCV x2, Medivac  
  78  6:16  Barracks  
  85  6:18  Orbital Command  
  85  6:21  Medivac  
  87  6:27  SCV x2  
  87  6:32  Marine x2  
  89  6:33  Marauder  
  89  6:39  SCV  
  94  6:44  SCV  
  95  6:49  Widow Mine  
  95  6:50  Marine x2, Widow Mine  
  95  6:51  SCV  
  102  6:54  Marauder  
  104  7:03  SCV x2  
  104  7:04  Marine  
  104  7:05  Medivac x2  
  104  7:06  Orbital Command  
  104  7:08  Marine x2  
  113  7:13  Supply Depot  
  113  7:15  Marine  
  114  7:18  Widow Mine  
  114  7:21  Marine  
  115  7:26  Marine  
  115  7:28  Marine  
  105  7:30  SCV  
  105  7:33  Marine  
  105  7:36  Barracks  
  105  7:37  Terran Infantry Armor Level 1, Barracks  
  107  7:38  Supply Depot  
  107  7:39  Marine  
  107  7:41  Armory, Supply Depot  
  107  7:43  Marine  
  99  7:45  Liberator x2  
  99  7:46  Marine  
  99  7:51  Marine  
  101  7:56  Widow Mine x2  
  101  7:57  Marine  
  101  8:01  Marine  
  101  8:04  Marine  
  109  8:05  SCV  
  109  8:08  Marine  
  109  8:09  SCV  
  109  8:12  SCV  
  113  8:15  Marine  
  113  8:17  SCV  
  113  8:19  Marine  
  116  8:22  Marine  
  116  8:26  Marine  
  119  8:27  Liberator  
  119  8:33  Widow Mine x2  
  124  8:37  Marine  
  124  8:38  Barracks Tech Lab  
  124  8:39  Liberator, Marine, Barracks Reactor  
  124  8:40  Barracks Reactor  
  123  8:43  Barracks  
  123  8:44  Marine  
  123  8:45  Refinery  
  123  8:47  Barracks  
  123  8:48  Refinery  
  127  8:55  Marine  
  128  8:57  Marine  
  128  9:01  Widow Mine  
  128  9:02  Marine, Widow Mine  
  133  9:14  Marine  
  133  9:15  Marine x4  
  133  9:16  Marine x2  
  121  9:20  Marine  
Tags
 
Add a new tag
Caveats
  • Supply blocks, unpowered buildings, or Contaminate may cause inaccurate times.
  • Supply counts are checked every 10 seconds.